 Dungeon Crawl Stone Soup version 0.30-a0-830-gfe289a77b0 (webtiles) character file.

Game seed: 171389960562452865

183 dialectric the Covered (level 5, -8/33 HPs)
             Began as a Gargoyle Fighter on Feb 28, 2023.
             Mangled by an ice beast (13 damage)
             ... on level 5 of the Dungeon.
             The game lasted 00:02:40 (2081 turns).

dialectric the Covered (Gargoyle Fighter)           Turns: 2081, Time: 00:02:41

Health: -8/33      AC:  7    Str: 19    XL:     5   Next: 62%
Magic:  5/5        EV: 10    Int:  9    God:
Gold:   132        SH:  0    Dex: 11    Spells: 4/4 levels left

rFire   . . .      SeeInvis .    a - +0 flail
rCold   . . .      Faith    .    (no shield)
rNeg    + . .      Spirit   .    b - +0 scale mail
rPois   ∞          Reflect  .    c - +0 hat
rElec   +          Harm     .    (no cloak)
rCorr   .          Rampage  .    (no gloves)
Will    .....                    (no boots) Stlth
                                 (no amulet)
HPRegen 0.25/turn                (no ring)
MPRegen 0.09/turn                (no ring)

@: corroded
A: sickness immunity, AC +4, negative energy resistance 1, electricity
resistance, torment resistance 1, petrification resistance
a: no special abilities


You were on level 5 of the Dungeon.
You visited 1 branch of the dungeon, and saw 5 of its levels.

You collected 132 gold pieces.

Inventory:

Hand Weapons
 a - a +0 flail (weapon)
Missiles
 m - 4 poisoned darts (quivered)
Armour
 b - a +0 scale mail (worn)
 c - a +0 hat (worn)
Wands
 f - a wand of charming (4)
 o - a wand of polymorph (8)
Scrolls
 g - 4 scrolls of identify
 h - a scroll of enchant armour {unknown}
 j - a scroll of fear {unknown}
 k - a scroll of vulnerability {unknown}
 l - a scroll of poison {unknown}
 p - a scroll of acquirement {unknown}
Potions
 d - a potion of might
 e - 3 potions of lignification
 i - a potion of attraction {unknown}
 n - a potion of flight {unknown}


   Skills:
 + Level 4.1 Fighting
 * Level 4.0 Maces & Flails
 + Level 4.2 Armour
 + Level 1.2 Dodging
 - Level 3.4 Shields


You had 4 spell levels left.
You didn't know any spells.
Your spell library contained the following spells:

 Spells                   Type           Power      Damage    Failure   Level
 Kiss of Death            Conj/Necr      0%         2d5       75%         1
 Magic Dart               Conj           0%         1d3       75%         1
 Searing Ray              Conj           0%         2d4       87%         2
 Confusing Touch          Hex            0%         N/A       98%         3
 Dispel Undead            Necr           0%         3d6       100%        4
 Fulminant Prism          Conj/Hex       0%         3d5       100%        4


Dungeon Overview and Level Annotations

Branches:
Dungeon (5/15)
 Temple: D:4-7

Altars:
Vehumet


Innate Abilities, Weirdness & Mutations

You are immune to sickness and miasma.
Your stone body is resilient. (AC +4)
You are immune to poison.
You resist negative energy. (rN+)
You are resistant to electric shocks. (rElec)
You are resistant to unholy torment.
You are immune to petrification.


Message History

The orc hits you but does no damage.
Things that are here:
a +0 hand axe; an orc corpse You hit the orc.
The orc is almost dead.
The orc barely misses you.
You sock the orc!
You kill the orc!
You completely miss the jelly.
An endoplasm comes into view.
The kobold hits you but does no damage. The jelly hits you.
The acid corrodes you!
You are splashed with acid!
The endoplasm quivers.
The orc hits you but does no damage. The jelly attacks as you move away!
The jelly hits you but does no damage.
There is a stone staircase leading down here.
The kobold hits you with a +0 short sword.
The jelly closely misses you. The orc closely misses you.
You climb downwards.
The jelly quivers.
The iguana hisses angrily.
Found a scroll labelled CYF INUEHUN and 32 gold pieces.
Found an escape hatch in the ceiling.
Found a stone staircase leading down.
There is a stone staircase leading up here.
Unknown command.
Unknown command.
Okay, then.
You barely miss the kobold. You punch the kobold.
The kobold is moderately wounded.
The orc hits you but does no damage. The jelly barely misses you.
The kobold hits you but does no damage. The ice beast hits you.
The ice beast freezes you!
* * * LOW HITPOINT WARNING * * *
The jelly jiggles.
The jelly hits you but does no damage. The kobold hits you but does no damage.
The jelly closely misses you. The orc completely misses you.
You hit the kobold but do no damage. The ice beast hits you.
* * * LOW HITPOINT WARNING * * *
The ice beast freezes you!
You die...

....<..
.......
......$
.......
$......
?......
##K....##
#@o......
#..YJJ.##.#.
##.>...#
...##....
..#. .###.
...... .# #
#l..# .#
.#.# .#


You could see an ice beast, an iguana, 2 jellies, an orc and a kobold.

Vanquished Creatures
  A scorpion (D:3)
  2 orc priests (D:3)
  An adder (D:3)
  A dart slug (D:3)
  5 orcs
  4 bats
  4 endoplasms
  3 giant cockroaches
  5 goblins
  6 hobgoblins
  4 jackals (D:2)
  2 quokkas (D:2)
  3 ball pythons (D:1)
  2 frilled lizards
  5 kobolds
48 creatures vanquished.

Notes
Turn   | Place    | Note
-------+----------+-------------------------------------------
     0 | D:1      | dialectric the Gargoyle Fighter began the quest for the
                  | Orb.
     0 | D:1      | Reached XP level 1. HP: 14/14 MP: 1/1
   234 | D:1      | Reached XP level 2. HP: 15/19 MP: 2/2
   674 | D:2      | Found a radiant altar of Vehumet.
   705 | D:2      | Reached XP level 3. HP: 24/24 MP: 3/3
  1097 | D:4      | Noticed a scorpion
  1215 | D:3      | Reached XP level 4. HP: 18/29 MP: 4/4
  1223 | D:3      | Reached skill level 1 in Dodging
  1915 | D:3      | Reached XP level 5. HP: 31/33 MP: 5/5
  2079 | D:5      | Entered Level 5 of the Dungeon
  2079 | D:5      | Noticed an ice beast
  2081 | D:5      | Mangled by an ice beast

Illustrated notes

Levels and vault maps discovered:
D:1:      lightli_arrival_chessboard, layout_rooms
D:2:      layout_loops_cross, basic_altar
D:3:      layout_basic, beargit_hepliaklqana_dungeon_heroes
D:4:      layout_rooms, mainiacjoe_overflow_alcove_1,
          nicolae_ru_great_annihilating_truth, kennysheep_mini_moat,
          hangedman_abyss_or_decor_stabs, uniq_ijyb
D:5:      layout_rooms, mainiacjoe_overflow_tiny_flanked, serial_shops,
          nicolae_shop_advertising_works [nicolae_subvault_shop_adworks]

Skill      XL: |  1  2  3  4  5 |
---------------+----------------+-----
Maces & Flails | 3 4 |  4.0
Armour         | 4 |  4.2
Dodging        | 1 |  1.2
Fighting       | 4 |  4.1
Shields        | |  3.4

Action                     |  1- 3 |  4- 6 || total
---------------------------+-------+-------++-------
  Melee: Flail             |   107 |    67 ||   174
         Punch             |     2 |     1 ||     3
  Evoke: Wand              |     1 |       ||     1
    Use: Scroll            |     1 |       ||     1
         Potion            |     2 |       ||     2
 Armour: Scale mail        |   107 |    50 ||   157
  Dodge: Dodged            |    81 |    46 ||   127

Table legend: (Time is in decaauts)
 A = Elapsed time spent in this place.
 B = Non-inter-level travel time spent in this place.
 C = Inter-level travel time spent in this place.
 D = Time resting spent in this place.
 E = Time spent auto-exploring this place.
 F = Levels seen in this place.
 G = Mean time per level.
                   A        B        C        D        E       F      G
               +--------+--------+--------+--------+--------+-----+--------+
         Total |   2130 |   2046 |     84 |    149 |   1364 |   5 |  426.0 |
       Dungeon |   2130 |   2046 |     84 |    149 |   1364 |   5 |  426.0 |
               +--------+--------+--------+--------+--------+-----+--------+

Top non-repeatable levels by time:
     D:3: 938 daAuts
     D:2: 578 daAuts
     D:1: 505 daAuts
     D:4: 105 daAuts
     D:5: 2 daAuts
